 Dungeon Crawl Stone Soup version 0.31-a0-848-gaac375c287 (webtiles) character file.

Game seed: 5426683515429587607

46 rageheart7 the Digger (level 3, -2/26 HPs)
             Began as a Demigod Earth Elementalist on Oct 4, 2023.
             Slain by Robin
             ... wielding a +1 mace of protection
              (8 damage)
             ... on level 2 of the Dungeon.
             The game lasted 00:03:32 (1492 turns).

rageheart7 the Digger (Demigod Earth Elementalist)  Turns: 1492, Time: 00:03:33

Health: -2/26      AC:  2    Str:  9    XL:     3   Next: 27%
Magic:  7/9        EV: 12    Int: 21    God:
Gold:   42         SH:  0    Dex: 14    Spells: 6/7 levels left

rFire   . . .        h - +0 mace
rCold   . . .        (no shield)
rNeg    . . .        a - +0 robe
rPois   .            (no helmet)
rElec   .            (no cloak)
rCorr   .            (no gloves)
SInv    .            (no boots)
Will    .....        (no amulet)
Stlth   ++           (no ring)
HPRegen 0.24/turn    (no ring)
MPRegen 0.11/turn

%: no passive effects
@: mighty
A: high MP 1, forlorn, divine attributes
a: no special abilities


You were on level 2 of the Dungeon.
You visited 1 branch of the dungeon, and saw 2 of its levels.

You collected 42 gold pieces.

Inventory:

Hand Weapons
 h - a +0 mace (weapon)
Missiles
 e - 2 poisoned darts
Armour
 a - a +0 robe (worn)
Jewellery
 i - a +4 ring of protection
Scrolls
 c - a scroll of noise {unknown}
 f - a scroll of identify {unknown}
 j - a scroll of summoning {unknown}
 k - a scroll of silence {unknown}
 l - a scroll of teleportation {unknown}
Potions
 g - 2 potions of might


   Skills:
 - Level 1.7 Dodging
 - Level 1.7 Stealth
 * Level 2.6 Spellcasting
 - Level 0.8 Transmutations
 * Level 3.4 Earth Magic


You had 6 spell levels left.
You knew the following spells:

 Your Spells              Type           Power      Damage    Failure   Level
a - Sandblast             Erth           34%        2d9       3%          1

Your spell library contained the following spells:

 Spells                   Type           Power      Damage    Failure   Level
 Passwall                 Tmut/Erth      9%         N/A       9%          2
 Stone Arrow              Conj/Erth      20%        3d8       21%         3
 Petrify                  Tmut/Erth      11%        N/A       50%         4
 Brom's Barrelling Bould  Conj/Erth      10%        2d3       56%         4


Dungeon Overview and Level Annotations

Branches:
Dungeon (2/15)

Shops:
D:1 !

Annotations:
D:2 Robin


Innate Abilities, Weirdness & Mutations

You have an increased reservoir of magic. (+10% MP)
You shall have no god before yourself.
Your divine heritage dramatically boosts your attributes as you level up.


Message History

You feel very mighty all of a sudden.
Robin hits you with a +1 mace of protection!
You closely miss Robin.
Robin is lightly wounded.
The goblin no longer looks unusually strong.
Robin hits you with a +1 mace of protection.
Casting: Sandblast (safe; 3% risk of failure)
Confirm with . or Enter, or press ? or * to list all spells.
Aiming: Sandblast (safe; 3% risk of failure)
Press: ? - help, Shift-Dir - straight line, f/p - Robin
Aim: Robin, wielding a +1 mace of protection, wearing a +0 animal skin and wearing a +0 helmet (lightly wounded, 87% to hit)
The blast of sand hits Robin.
Robin is moderately wounded.
Robin roars a battlecry!
The goblin goes into a battle-frenzy!
Magic courses through your body.
The hobgoblin no longer looks unusually strong.
Robin barely misses you.
Casting: Sandblast (safe; 3% risk of failure)
Confirm with . or Enter, or press ? or * to list all spells.
Aiming: Sandblast (safe; 3% risk of failure)
Press: ? - help, Shift-Dir - straight line, f/p - Robin
Aim: Robin, wielding a +1 mace of protection, wearing a +0 animal skin and wearing a +0 helmet (moderately wounded, 87% to hit)
The blast of sand hits Robin but does no damage.
Robin is moderately wounded.
Robin's horned helmet rattles.
Robin throws the goblin at you! The goblin hits you with a +0 dagger.
Robin hits you with a +1 mace of protection.
* * * LOW HITPOINT WARNING * * *
The goblin completely misses you.
Casting: Sandblast (safe; 3% risk of failure)
Confirm with . or Enter, or press ? or * to list all spells.
Aiming: Sandblast (safe; 3% risk of failure)
Press: ? - help, Shift-Dir - straight line, f - goblin, p - Robin
Aim: a goblin, wielding a +0 dagger (strong, 77% to hit)
The blast of sand hits the goblin.
You kill the goblin!
Robin hits you with a +1 mace of protection!
You die...
Robin says, "And that's why I'm the boss."

#.# #.# #.#
#.# #.# #.#
.#### ##.##
......##...##
#)gg@)...#
###
##g##).......
..# #
##.###### #.#
#.# #.# #.#
#.# #+# #.###
#.#.# ##.)#.
##.##.#


You could see Robin and 2 hobgoblins.

Vanquished Creatures
  A dart slug (D:1)
  An endoplasm (D:1)
  A giant cockroach (D:1)
  5 hobgoblins
  6 jackals (D:1)
  A quokka (D:1)
  3 ball pythons (D:1)
  3 bats (D:1)
  2 frilled lizards (D:1)
  12 goblins
  3 kobolds
38 creatures vanquished.

Notes
Turn   | Place    | Note
-------+----------+-------------------------------------------
     0 | D:1      | rageheart7 the Demigod Earth Elementalist began the quest
                  | for the Orb.
     0 | D:1      | Reached XP level 1. HP: 14/14 MP: 5/5
    72 | D:1      | Found Hiwk's Distillery.
   189 | D:1      | Reached skill level 3 in Earth Magic
   219 | D:1      | Reached XP level 2. HP: 8/20 MP: 2/7
   889 | D:1      | Reached XP level 3. HP: 26/26 MP: 7/9
  1475 | D:2      | Noticed Robin
  1492 | D:2      | Slain by Robin

Illustrated notes

Levels and vault maps discovered:
D:1:      tarquinn_simple_flora_water_f, layout_basic,
          hellmonk_ecumenical_altar_heavens_door, serial_shops, shop,
          roderic_roman_lattice
D:2:      layout_loops_corners, uniq_robin

Skill      XL: |  1 |
---------------+----+-----
Spellcasting   | 2 |  2.6
Earth Magic    | 3 |  3.4
Dodging        | |  1.7
Stealth        | |  1.7
Transmutations | |  0.8

Action                     || total
---------------------------++-------
  Melee: Unarmed           ||     2
         Mace              ||     1
  Throw: Dart              ||     3
   Cast: Sandblast         ||    54
    Use: Potion            ||     3
 Armour: Robe              ||    49
  Dodge: Dodged            ||    39

Table legend: (Time is in decaauts)
 A = Elapsed time spent in this place.
 B = Non-inter-level travel time spent in this place.
 C = Inter-level travel time spent in this place.
 D = Time resting spent in this place.
 E = Time spent auto-exploring this place.
 F = Levels seen in this place.
 G = Mean time per level.
                   A        B        C        D        E       F      G
               +--------+--------+--------+--------+--------+-----+--------+
         Total |   1518 |   1492 |     26 |      0 |   1265 |   2 |  759.0 |
       Dungeon |   1518 |   1492 |     26 |      0 |   1265 |   2 |  759.0 |
               +--------+--------+--------+--------+--------+-----+--------+

Top non-repeatable levels by time:
     D:1: 1036 daAuts
     D:2: 482 daAuts
